 Dungeon Crawl Stone Soup version 0.20.0-8-g6b59dc7 (webtiles) character file.

17458 Ijustatesigmund the Basher (level 12, -17/159 HPs)
             Began as a Minotaur Fighter on June 1, 2017.
             Was a High Priest of Okawaru.
             Demolished by a large slime creature (28 damage)
             ... on level 11 of the Dungeon.
             The game lasted 00:30:57 (12015 turns).

Ijustatesigmund the Basher (Minotaur Fighter)      Turns: 12015, Time: 00:30:58

Health: -17/159    AC: 15    Str: 25 (27) XL:     12   Next: 19%
Magic:  19/19      EV:  8    Int:  9 (10) God:    Okawaru [*****.]
Gold:   549        SH: 11    Dex: 14      Spells: 11/11 levels left

rFire    + + .     SeeInvis .   v - +3 flail
rCold    + . .     Gourm    .   c - +1 shield
rNeg     . . .     Faith    .   b - +3 chain mail {rF+}
rPois    .         Spirit   .   (helmet unavailable)
rElec    .         Reflect  .   j - scarf {rC+ rF+}
rCorr    .         Harm     .   (no gloves)
MR       .....                  (no boots)
Stlth    ..........             G - amulet of regeneration
Regen    0.8/turn               K - +5 ring of intelligence
MPRegen  0.2/turn               (no ring)

@: berserking, very quick
A: retaliatory headbutt, horns 3, deterioration 1
a: Heroism, Finesse, Renounce Religion


You were on level 11 of the Dungeon.
You worshipped Okawaru.
Okawaru was extremely pleased with you.
You were not hungry.

You visited 2 branches of the dungeon, and saw 13 of its levels.

You collected 743 gold pieces.
You spent 194 gold pieces at shops.

Inventory:

Hand Weapons
 v - a +3 flail (weapon)
Armour
 b - a +3 chain mail of fire resistance (worn)
 c - a +1 shield (worn)
 j - a scarf of resistance (worn)
 F - a +0 cloak
Jewellery
 G - an amulet of regeneration (around neck)
 K - a +5 ring of intelligence (left hand)
Wands
 d - a wand of flame (16/48)
 k - a wand of iceblast (10/15)
 s - a wand of polymorph (5/24)
 w - a wand of disintegration (6/24)
 I - a wand of iceblast (5/15)
Scrolls
 e - 3 scrolls of fog
 h - a scroll of amnesia
 q - a scroll of magic mapping
 t - a scroll of teleportation
 u - 2 scrolls of enchant armour
 y - 2 scrolls of immolation
 H - a scroll of recharging
 L - a scroll of remove curse
Potions
 l - 3 potions of curing
 m - 3 potions of haste
 o - 4 potions of brilliance
 p - a potion of resistance
 r - 2 potions of lignification
 z - a potion of magic
 B - 2 potions of might
 C - a potion of flight
 E - a potion of agility {unknown}
 J - 2 potions of degeneration {unknown}
Books
 a - a book of Cantrips

   Spells                             Type                      Level
   a - Confusing Touch                Hexes                        1
   b - Animate Skeleton               Necromancy                   1
   c - Summon Small Mammal            Summoning                    1
   d - Apportation                    Translocation                1
 x - a book of Battle

   Spells                             Type                      Level
   a - Infusion                       Charms                       1
   b - Shroud of Golubria             Charms/Translocation         2
   c - Song of Slaying                Charms                       2
   d - Spectral Weapon                Hexes/Charms                 3
   e - Regeneration                   Charms/Necromancy            3
 D - a book of Misfortune

   Spells                             Type                      Level
   a - Confusing Touch                Hexes                        1
   b - Confuse                        Hexes                        3
   c - Gell's Gravitas                Translocation                3
   d - Petrify                        Transmutation/Earth          4
   e - Metabolic Englaciation         Hexes/Ice                    5
   f - Yara's Violent Unravelling     Hexes/Transmutation          5
Comestibles
 f - 9 bread rations
 i - 3 royal jellies
 n - 5 meat rations


   Skills:
 + Level 10.0 Fighting
 + Level 12.0 Maces & Flails
 - Level 11.8 Armour
 - Level 3.2 Dodging
 - Level 3.6 Shields
 + Level 11.9 Invocations


You had 11 spell levels left.
You didn't know any spells.

Dungeon Overview and Level Annotations

Branches:
Dungeon (12/15)            Temple (1/1) D:5            Lair (0/6) D:10
    Orc (0/2) D:10

Altars:
Ashenzari
Cheibriados
Dithmenos
Elyvilon
Fedhas
Gozag
Hepliaklqana
Kikubaaqudgha
Makhleb
Nemelex Xobeh
Okawaru
Qazlal
Ru
Sif Muna
Trog
Uskayaw
Vehumet
Xom
Yredelemnul
Zin
The Shining One

Shops:
D:4 ?   D:10 =


Innate Abilities, Weirdness & Mutations

You reflexively headbutt those who attack you in melee.
You have a pair of large horns on your head.
Your body sometimes deteriorates upon taking damage.


Message History

Okay, then.
A red film seems to cover your vision as you go berserk!
You feel yourself moving faster!
You feel mighty! You block the slime creature's attack.
The slime creature hits you!
* * * LOW HITPOINT WARNING * * *
You block the large slime creature's attack.
You sock the slime creature!
Your headbutt misses the slime creature.
The slime creature is severely wounded.
The slime creature barely misses you. You furiously retaliate!
You headbutt the slime creature! You sock the slime creature!
You headbutt the slime creature.
You kill the slime creature!
Okawaru accepts your kill.
You feel your strength returning.
Your Maces & Flails skill increases to level 12!
The slime creature hits you.
* * * LOW HITPOINT WARNING * * *
The large slime creature hits you!!
You die...

########### #....[#...#
####### #.###.###.#
#.....# #...#.....#
####....(# #J#.#######
...+...>.# #####@#.......#
####.....###...'J#######.#
#.....'...###.........#
#.....##### #########.#
#.....# #.........#
###'### ####'###### ##.#
##.# #..# #..# #.##
##.#######


You could see a large slime creature and a slime creature.

Vanquished Creatures
  Snorg (D:11)
  4 two-headed ogres
  An unseen horror (D:11)
  A wolf spider zombie (D:11)
  A centaur zombie (D:10)
  Joseph (D:8)
  Maurice (D:11)
  2 centaur skeletons
  A komodo dragon (D:11)
  2 trolls
  2 slime creatures (D:11)
  A shadow (D:11)
  A human (D:7)
  4 yaks (D:11)
  4 hogs (D:7)
  4 fire bats (D:8)
  A hungry ghost (D:12)
  2 steam dragons
  A soldier ant (D:12)
  A hell hound (D:8)
  A water moccasin (D:7)
  5 orc warriors
  4 sky beasts
  7 ice beasts
  3 black bears
  5 phantoms
  3 necrophages
  7 ogres
  3 centaurs
  2 crocodiles (D:11)
  4 big kobolds
  9 bullfrogs
  2 gnoll sergeants (D:8)
  A wyvern zombie (D:7)
  A water moccasin zombie (D:9)
  5 scorpions
  3 killer bees (D:8)
  4 electric eels (D:10)
  19 wights
  4 howler monkeys
  2 lava snakes (D:8)
  3 crimson imps
  7 hounds
  2 bullfrog zombies (D:11)
  13 orc wizards
  Crazy Yiuf (D:7)
  2 gnoll shamans (D:8)
  12 orc priests
  4 jellies
  4 bullfrog skeletons
  4 iguanas
  8 worker ants
  Terence (D:2)
  A hound zombie (D:11)
  3 hound skeletons
  4 worker ant zombies
  2 howler monkey zombies
  10 gnolls
  A howler monkey skeleton (D:4)
  8 adders
  A shadow imp (D:10)
  3 oozes
  An adder zombie (D:5)
  2 adder skeletons (D:5)
  2 worms
  4 dart slugs
  7 leopard geckos
  52 orcs
  6 giant cockroaches
  4 goblins
  8 hobgoblins
  3 jackals (D:2)
  21 kobolds
  7 quokkas
  A bat (D:3)
  4 frilled lizards
  A giant cockroach zombie (D:5)
  2 gnoll zombies (D:2)
  A jackal skeleton (D:4)
  A jackal zombie (D:7)
  A leopard gecko zombie (D:7)
  8 rats
  3 fire vortices (D:8)
  2 plants (D:8)
365 creatures vanquished.

Vanquished Creatures (others)
  4 plants (D:8)
  A withered plant (D:10)
5 creatures vanquished.

Grand Total: 370 creatures vanquished

Notes
Turn   | Place    | Note
-------+----------+-------------------------------------------
     0 | D:1      | Ijustatesigmund the Minotaur Fighter began the quest for the Orb.
     0 | D:1      | Reached XP level 1. HP: 19/19 MP: 0/0
    43 | D:1      | Reached skill level 3 in Maces & Flails
    43 | D:1      | Reached XP level 2. HP: 23/27 MP: 1/1
   192 | D:1      | Reached skill level 1 in Dodging
   318 | D:1      | Reached XP level 3. HP: 33/33 MP: 2/2
   534 | D:1      | Gained mutation: Your body sometimes deteriorates upon taking damage. [potion of mutation]
   534 | D:1      | Gained mutation: You have a pair of large horns on your head. [potion of mutation]
   913 | D:2      | Reached skill level 4 in Maces & Flails
   914 | D:2      | Found a basalt altar of Yredelemnul.
   946 | D:2      | Noticed Terence
   957 | D:2      | Killed Terence
   957 | D:2      | Reached XP level 4. HP: 10/40 MP: 3/3
  2162 | D:3      | Reached XP level 5. HP: 43/47 MP: 4/4
  2189 | D:3      | Reached skill level 5 in Maces & Flails
  2205 | D:3      | Found a white marble altar of Elyvilon.
  2508 | D:4      | Found a snail-covered altar of Cheibriados.
  2615 | D:4      | Reached skill level 5 in Fighting
  2677 | D:4      | Found Uca Lufa's Magic Scroll Boutique.
  2682 | D:4      | Bought a scroll of enchant armour for 97 gold pieces
  2682 | D:4      | Bought a scroll of enchant armour for 97 gold pieces
  2847 | D:4      | Noticed an ogre
  2856 | D:4      | Killed an ogre
  2856 | D:4      | Reached XP level 6. HP: 56/56 MP: 5/5
  2865 | D:4      | Found an opulent altar of Gozag.
  2920 | D:4      | Reached skill level 6 in Maces & Flails
  2936 | D:5      | Entered Level 5 of the Dungeon
  3141 | D:5      | Reached XP level 7. HP: 43/62 MP: 6/6
  3285 | D:5      | Found a staircase to the Ecumenical Temple.
  3300 | Temple   | Entered the Ecumenical Temple
  3488 | D:5      | Found a sacrificial altar of Ru.
  3491 | D:5      | Found a blossoming altar of Fedhas.
  3494 | D:5      | Found an iron altar of Okawaru.
  3498 | D:5      | Became a worshipper of Warmaster Okawaru
  3504 | D:5      | Found a glowing silver altar of Zin.
  3560 | D:5      | Reached skill level 7 in Maces & Flails
  3694 | D:5      | Reached * piety under Okawaru
  3694 | D:5      | Reached skill level 5 in Armour
  3703 | D:5      | Reached skill level 8 in Maces & Flails
  4041 | D:5      | Reached XP level 8. HP: 71/71 MP: 7/7
  4229 | D:6      | Reached skill level 9 in Maces & Flails
  4356 | D:6      | Reached ** piety under Okawaru
  4827 | D:6      | Found a shimmering altar of Xom.
  4985 | D:6      | Reached skill level 10 in Maces & Flails
  5163 | D:7      | Reached XP level 9. HP: 74/81 MP: 8/8
  5292 | D:7      | Reached *** piety under Okawaru
  5374 | D:7      | Found a hazy altar of Hepliaklqana.
  5688 | D:7      | Reached skill level 1 in Invocations
  5799 | D:7      | Found a runed door.
  5803 | D:7      | Noticed Crazy Yiuf
  5809 | D:7      | Killed Crazy Yiuf
  5967 | D:8      | Reached **** piety under Okawaru
  5967 | D:8      | Reached skill level 5 in Invocations
  6201 | D:8      | Found a sparkling altar of Nemelex Xobeh.
  6224 | D:8      | Noticed Joseph
  6235 | D:8      | Killed Joseph
  6235 | D:8      | Reached XP level 10. HP: 64/90 MP: 13/13
  7065 | D:8      | Reached ***** piety under Okawaru
  8238 | D:9      | Found a stormy altar of Qazlal.
  8314 | D:9      | Reached skill level 10 in Armour
  8393 | D:9      | Found a white marble altar of Elyvilon.
  8848 | D:10     | Entered Level 10 of the Dungeon
  8857 | D:10     | Noticed a two-headed ogre
  8871 | D:10     | Killed a two-headed ogre
  8937 | D:10     | Reached XP level 11. HP: 95/95 MP: 17/17
  9275 | D:10     | Found Fierchea's Jewellery Shoppe.
  9311 | D:10     | Found a staircase to the Lair.
  9770 | D:10     | Found an opulent altar of Gozag.
  9938 | D:10     | Reached skill level 10 in Invocations
 10028 | D:10     | Found a staircase to the Orcish Mines.
 10706 | D:11     | Received a gift from Okawaru
 10761 | D:11     | Noticed a two-headed ogre
 10774 | D:11     | Killed a two-headed ogre
 10949 | D:11     | Reached skill level 11 in Maces & Flails
 11028 | D:11     | Noticed Maurice
 11034 | D:11     | Noticed a two-headed ogre
 11042 | D:11     | Killed Maurice
 11045 | D:11     | Killed a two-headed ogre
 11174 | D:11     | Noticed a two-headed ogre
 11178 | D:11     | Killed a two-headed ogre
 11310 | D:11     | Killed an unseen horror
 11557 | D:11     | Reached XP level 12. HP: 105/105 MP: 19/19
 11575 | D:11     | Noticed Snorg
 11651 | D:11     | Killed Snorg
 11984 | D:11     | Reached skill level 10 in Fighting
 12015 | D:11     | Reached skill level 12 in Maces & Flails
 12015 | D:11     | Demolished by a large slime creature

Skill      XL: |  1  2  3  4  5  6  7  8  9 10 11 12 |
---------------+-------------------------------------+-----
Maces & Flails | 3 4 5 6 8 10 11 12 | 12.0
Dodging        | 1 2 3 |  3.2
Fighting       | 4 5 6 8 9 10 | 10.0
Armour         | 4 5 6 8 10 11 | 11.8
Invocations    | 5 9 11 | 11.9
Shields        | |  3.6

Action                   |  1- 3 |  4- 6 |  7- 9 | 10-12 || total
-------------------------+-------+-------+-------+-------++-------
Melee: Flail             |    89 |   116 |   292 |   717 ||  1214
       Headbutt          |    17 |    24 |    63 |   189 ||   293
       Whip              |       |    26 |       |       ||    26
Invok: Heroism           |       |       |       |     6 ||     6
       Finesse           |       |       |       |     2 ||     2
Evoke: Wand              |       |       |       |     9 ||     9
  Use: Scroll            |     5 |    10 |     3 |    11 ||    29
       Potion            |     2 |       |     1 |     2 ||     5
  Eat: Chunk             |       |     4 |     7 |    11 ||    22
       Royal jelly       |       |     2 |     1 |     3 ||     6
       Fruit             |       |       |       |     3 ||     3
       Meat ration       |       |       |       |     1 ||     1
Armor: Scale mail        |    20 |    24 |       |       ||    44
       Plate armour      |       |    15 |   112 |   217 ||   344
       Chain mail        |       |       |       |    67 ||    67
Dodge: Dodged            |    24 |    37 |    42 |   150 ||   253
Block: Shield            |    38 |    77 |   131 |   350 ||   596
